 Dungeon Sprint DCSS version 0.24.0-1-gfbc8707 (webtiles) character file.

Game seed: 6474120682408677906, levelgen mode: deterministic

23659 Fang the Warrior (level 13, -4/145 HPs)
             Began as a Gargoyle Berserker on Nov 1, 2019.
             Was the Champion of Trog.
             Slain by a fire giant
             ... wielding a +0 great sword of flaming
              (5 damage)
             ... in the Dungeon (Sprint V: "Ziggurat Sprint").
             The game lasted 00:03:32 (1604 turns).

Fang the Warrior (Gargoyle Berserker)               Turns: 1604, Time: 00:03:33

Health: -4/145     AC: 42    Str: 42    XL:     13   Next: 8%
Magic:  13/13      EV:  7    Int:  9    God:    Trog [******]
Gold:   0          SH: 27    Dex:  9    Spells: 12/12 levels left

rFire    . . .     SeeInvis .   I - +5 broad axe (freeze)
rCold    . . .     Gourm    .   E - +18 shield of the Gong {rElec rN+ MR+ EV-5}
rNeg     + + .     Faith    .   b - +15 Maxwell's patent armour {-Cast -Tele rElec MR+ rCorr}
rPois    ∞         Spirit   .   (no helmet)
rElec    +         Reflect  .   (no cloak)
rCorr    +         Harm     .   (no gloves)
MR       ++...     NoTele   +   (no boots) Stlth ..........NoCast +
                                (no amulet)
HPRegen  0.34/turn              D - +6 ring of strength
MPRegen  0.13/turn              C - +6 ring of strength

@: berserking, very quick
A: negative energy resistance 1, electricity resistance, unbreathing,
petrification resistance, rot immunity, AC +9
a: Berserk, Trog's Hand, Brothers in Arms, Renounce Religion


You were in the Dungeon.
You worshipped Trog.
Trog was exalted by your worship.
You were near starving.

You visited 1 branch

Inventory:

Hand Weapons
 a - a +5 broad axe
 G - a +1 broad axe of flaming
 I - a +5 broad axe of freezing (weapon)
 K - the +11 hand axe of Koacof {chop, -Tele Str+6}
   (Trog gifted it to you in the Dungeon)

   It inflicts extra damage upon your enemies.
   It affects your strength (+6).
   It prevents most forms of teleportation.
Armour
 b - the +15 Maxwell's patent armour (worn) {-Cast -Tele rElec MR+ rCorr}
   (You found it in the Dungeon)

   It insulates you from electricity.
   It affects your resistance to hostile enchantments.
   It prevents spellcasting.
   It prevents most forms of teleportation.
   It provides partial protection from all sources of acid and corrosion.
 E - the +18 shield of the Gong (worn) {rElec rN+ MR+ EV-5}
   (You found it in the Dungeon)

   It affects your evasion (-5).
   It insulates you from electricity.
   It protects you from negative energy.
   It affects your resistance to hostile enchantments.
Jewellery
 g - a +1 ring of protection
 o - the ring "Cenoeh" {*Slow rElec Str+4 Dex+2}
   (You found it in the Dungeon)

   [ring of dexterity]

   It affects your strength (+4).
   It affects your dexterity (+2).
   It insulates you from electricity.
   It may slow you when you take damage.
 x - an uncursed ring of see invisible
 y - the ring of the Firefly {rF- rN++ MR+ Str+4 Dex+3}
   (You found it in the Dungeon)

   [ring of protection from magic]

   It affects your strength (+4).
   It affects your dexterity (+3).
   It makes you vulnerable to fire.
   It greatly protects you from negative energy.
   It affects your resistance to hostile enchantments.
 z - an uncursed amulet of magic regeneration
 A - an uncursed ring of positive energy
 B - an uncursed amulet of the gourmand
 C - a +6 ring of strength (right hand)
 D - a +6 ring of strength (left hand)
 F - the amulet "Esatooti" {Faith *Corrode rElec Int+6 Dex+4}
   (You found it in the Dungeon)

   [amulet of faith]

   It allows you to gain divine favour quickly.
   It affects your intelligence (+6).
   It affects your dexterity (+4).
   It insulates you from electricity.
   It may corrode you when you take damage.
 H - the amulet of Dim Light {Fragile rElec Regen+ Int+6 Stlth+}
   (You found it in the Dungeon)

   [amulet of regeneration]

   It affects your intelligence (+6).
   It insulates you from electricity.
   It increases your rate of regeneration.
   It will be destroyed if unequipped.
   It makes you more stealthy.
Wands
 u - a wand of disintegration (7)
 v - a wand of iceblast (7)
 w - a wand of acid (7)
Scrolls
 i - 4 scrolls of blinking
 j - 7 scrolls of fog
 k - a scroll of holy word
 l - 5 scrolls of identify
 m - 5 scrolls of remove curse
 n - 2 scrolls of fear
 J - a scroll of brand weapon
Potions
 d - 10 potions of curing
 e - 9 potions of heal wounds
 f - 13 potions of haste
 h - 3 potions of berserk rage
 p - 2 potions of invisibility
 q - 4 potions of resistance
 r - a potion of experience
 s - 5 potions of agility
 t - 5 potions of might
Comestibles
 c - 8 rations


   Skills:
 + Level 17.8 Fighting
 + Level 15.3 Axes
 + Level 17.6 Armour
 + Level 14.1 Dodging


You had 12 spell levels left.
You didn't know any spells.
Your spell library was empty.

Dungeon Overview and Level Annotations

Branches:
Dungeon (1/1)

Altars:
Ashenzari
Cheibriados
Dithmenos
Elyvilon
Fedhas
Gozag
Hepliaklqana
Kikubaaqudgha
Makhleb
Nemelex Xobeh
Okawaru
Qazlal
Ru
Sif Muna
Trog
Uskayaw
Vehumet
Wu Jian
Xom
Yredelemnul
Zin
The Shining One
Beogh
Jiyva
Lugonu


Innate Abilities, Weirdness & Mutations

You are resistant to torment.
Your stone body is resilient. (AC +9)
You are immune to poison.
You resist negative energy. (rN+)
You are resistant to electric shocks. (rElec)
You can survive without breathing.
You are immune to petrification.
You are immune to rotting.


Message History

The bolt of fire misses you. The fire giant casts a spell at you.
The bolt of fire hits you!!
* * * LOW HITPOINT WARNING * * *
The efreet gestures at you.
The bolt of fire hits the fire giant.
The fire giant resists.
The bolt of fire hits you.
* * * LOW HITPOINT WARNING * * *
You are too injured to fight recklessly!
You slash the fire giant! You freeze the fire giant.
You kill the fire giant!
Trog accepts your kill.
Trog appreciates your killing of a magic user.
Your shield prevents you from hitting the fire giant.
You slash the hell hog! You freeze the hell hog. You slice the fire giant!!
You freeze the fire giant! You slash the fire giant! You freeze the fire giant.
The fire giant hits you with a +0 great sword of flaming!
* * * LOW HITPOINT WARNING * * *
The fire giant burns you.
You die...

▓........▓.
▓..:)|))::..▓.▓....▓.▓.
▓...):°}....▓...©....▓.
▓...........▓▓▓▓▓▓▓▓▓▓▓
▓.........v.▓...8©8...▓
▓...°.R.....▓..").}...▓
▓...°ER.....▓..."[:...▓
..▓☼C○C.▓..▓.........▓
▓.▓C@h▓.▓ ▓...).....▓
▓..▓..†..▓..▓...)÷÷...▓
▓.....©.....▓...))|...▓
▓▓▓▓▓▓▓▓▓▓▓▓▓.▓..(..▓.▓
▓....8©8....▓....©....▓
▓..[|)}.|[..▓▓▓▓▓▓▓▓▓▓▓
▓....).)}...▓...8©8...▓
▓...........▓..:|:[=..▓
▓...........▓.....[...▓


You could see 3 fire giants, a hell hog, 2 efreet, a fire elemental and a fire
vortex.

Vanquished Creatures
  A shadow dragon (D)
  A fire giant (D)
  2 ghouls (D)
  A stone giant (D)
  3 vampire knights (D)
  An ettin (D)
  A yaktaur captain (D)
  2 dancing weapons (D)
  A soul eater (D)
  3 deep elf knights (D)
  A skeletal warrior (D)
  A spriggan druid (D)
  A deep elf archer (D)
  5 necromancers (D)
  2 deep elf magi (D)
  4 merfolk (D)
  A jumping spider (D)
  2 hippogriffs (D)
  A shadow (D)
  3 spriggans (D)
  A tarantella (D)
  2 vampires (D)
  A fire elemental (D)
  A water moccasin (D)
  3 hell hounds (D)
  A necrophage (D)
  A black bear (D)
  A wolf (D)
  3 centaurs (D)
  A scorpion (D)
  4 wights (D)
  4 mummies (D)
  An adder (D)
  A shadow imp (D)
  2 spectral adders (D)
  4 adder skeletons (D)
  4 adder zombies (D)
  2 ball pythons (D)
  2 bat skeletons (D)
  4 bat zombies (D)
  A jackal zombie (D)
  2 leopard gecko skeletons (D)
  2 quokka skeletons (D)
  A spectral jackal (D)
  A fire vortex (D)
87 creatures vanquished.

Vanquished Creatures (collateral kills)
  A vault guard (D)
  A yaktaur captain (D)
  An ironbrand convoker (D)
  An orc knight (D)
  A yaktaur (D)
5 creatures vanquished.

Vanquished Creatures (others)
  2 spatial maelstroms (D)
2 creatures vanquished.

Grand Total: 94 creatures vanquished

Notes
Turn   | Place    | Note
-------+----------+-------------------------------------------
     0 | D        | Fang the Gargoyle Berserker began the quest for the Orb.
     0 | D        | Reached XP level 1. HP: 14/14 MP: 1/1
     2 | D        | Banished a spatial maelstrom
     7 | D        | Found a blossoming altar of Fedhas.
     8 | D        | Found the +6 Majin-Bo {vamp, Archmagi MP+6 Int+6}
     8 | D        | Found the +7 great mace "Firestarter" {inner flame, rF++}
     8 | D        | Found a viscous altar of Jiyva.
     8 | D        | Found a transporter.
     8 | D        | Found a hazy altar of Hepliaklqana.
     8 | D        | Found an ancient bone altar of Kikubaaqudgha.
     8 | D        | Found an opulent altar of Gozag.
     8 | D        | Found a corrupted altar of Lugonu.
    10 | D        | Found a burning altar of Makhleb.
    12 | D        | Found a stormy altar of Qazlal.
    12 | D        | Found a sacrificial altar of Ru.
    12 | D        | Found an iron altar of Okawaru.
    12 | D        | Found a shimmering blue altar of Sif Muna.
    12 | D        | Found a sparkling altar of Nemelex Xobeh.
    12 | D        | Found a bloodstained altar of Trog.
    20 | D        | Found the +9 heavy crossbow "Sniper" {velocity, Acc+∞ SInv}
    20 | D        | Found the +10 dark maul {crush}
    20 | D        | Found the +15 Maxwell's patent armour {-Cast -Tele rElec
                  | MR+ rCorr}
    20 | D        | Found the +18 shield of the Gong {rElec rN+ MR+ EV-5}
    20 | D        | Found the cursed +14 obsidian axe {chop, +Fly SInv *Curse}
    29 | D        | Banished a spatial maelstrom
    80 | D        | Entered arena 2.
    80 | D        | Noticed a merfolk
    80 | D        | Noticed a merfolk
    80 | D        | Found a transporter.
    92 | D        | Killed a merfolk
    92 | D        | Reached skill level 5 in Dodging
    92 | D        | Reached XP level 2. HP: 9/24 MP: 2/2
    92 | D        | Reached XP level 3. HP: 10/28 MP: 3/3
    92 | D        | Reached XP level 4. HP: 13/34 MP: 4/4
    92 | D        | Reached XP level 5. HP: 14/38 MP: 5/5
    92 | D        | Reached XP level 6. HP: 16/44 MP: 6/6
    93 | D        | Killed a merfolk
   271 | D        | Entered arena 3.
   271 | D        | Noticed a jumping spider
   271 | D        | Noticed a tarantella
   271 | D        | Found a transporter.
   279 | D        | Killed a jumping spider
   279 | D        | Reached ** piety under Trog
   279 | D        | Reached XP level 7. HP: 51/51 MP: 7/7
   281 | D        | Killed a tarantella
   281 | D        | Reached XP level 8. HP: 57/57 MP: 8/8
   315 | D        | Got the ring "Cenoeh" {*Slow rElec Str+4 Dex+2}
   323 | D        | Entered arena 4.
   323 | D        | Found a transporter.
   327 | D        | Reached *** piety under Trog
   327 | D        | Reached skill level 10 in Fighting
   363 | D        | Entered arena 5.
   363 | D        | Found a transporter.
   368 | D        | Reached **** piety under Trog
   373 | D        | Got the ring of the Firefly {rF- rN++ MR+ Str+4 Dex+3}
   376 | D        | Entered arena 6.
   376 | D        | Found a transporter.
   381 | D        | Reached ***** piety under Trog
   394 | D        | Entered arena 7.
   395 | D        | Found a transporter.
   399 | D        | Received a gift from Trog
   412 | D        | Entered arena 8.
   412 | D        | Noticed a spriggan
   412 | D        | Noticed a spriggan druid
   412 | D        | Noticed a spriggan
   412 | D        | Noticed a spriggan
   413 | D        | Found a transporter.
   418 | D        | Killed a spriggan
   418 | D        | Reached skill level 10 in Armour
   424 | D        | Killed a spriggan
   424 | D        | Received a gift from Trog
   428 | D        | Killed a spriggan
   428 | D        | Reached XP level 9. HP: 64/64 MP: 9/9
   430 | D        | Killed a spriggan druid
   430 | D        | Reached skill level 10 in Axes
   475 | D        | Entered arena 9.
   475 | D        | Noticed a merfolk
   475 | D        | Noticed a merfolk
   477 | D        | Found a transporter.
   484 | D        | Killed a merfolk
   484 | D        | Received a gift from Trog
   498 | D        | Killed a merfolk
   584 | D        | Entered arena 10.
   584 | D        | Noticed an orc knight
   584 | D        | Noticed a stone giant
   584 | D        | Noticed an ironbrand convoker
   584 | D        | Noticed a vault guard
   584 | D        | Noticed a yaktaur captain
   584 | D        | Noticed a yaktaur
   584 | D        | Noticed an ettin
   584 | D        | Noticed a yaktaur captain
   585 | D        | Found a transporter.
   593 | D        | Killed a yaktaur captain
   593 | D        | Reached skill level 10 in Dodging
   593 | D        | Reached XP level 10. HP: 58/73 MP: 10/10
   594 | D        | Killed an ettin
   600 | D        | Killed a stone giant
   602 | D        | HP: 3/74 [yaktaur captain (15)]
   602 | D        | HP: 1/74 [orc knight/+1 long sword (2)]
   606 | D        | Killed a vault guard
   606 | D        | Received a gift from Trog
   608 | D        | Killed an ironbrand convoker
   609 | D        | Killed a yaktaur captain
   609 | D        | Reached XP level 11. HP: 13/80 MP: 11/11
   610 | D        | Killed an orc knight
   867 | D        | Entered arena 11.
   867 | D        | Noticed a deep elf archer
   867 | D        | Noticed a deep elf mage
   867 | D        | Noticed a deep elf knight
   867 | D        | Noticed a +2 long sword of slicing
   867 | D        | Noticed a deep elf knight
   867 | D        | Noticed a deep elf knight
   867 | D        | Noticed a deep elf mage
   867 | D        | Noticed a +2 halberd of chopping
   872 | D        | Killed a deep elf mage
   873 | D        | Killed a deep elf mage
   873 | D        | Reached ****** piety under Trog
   873 | D        | Received a gift from Trog
   878 | D        | Killed a deep elf knight
   878 | D        | Killed a +2 long sword of slicing
   878 | D        | Reached skill level 15 in Fighting
   880 | D        | Killed a deep elf knight
   880 | D        | Reached skill level 15 in Armour
   883 | D        | Killed a deep elf knight
   883 | D        | Received a gift from Trog
   884 | D        | Found a transporter.
   886 | D        | Killed a +2 halberd of chopping
   897 | D        | Killed a deep elf archer
   925 | D        | Got the amulet "Esatooti" {Faith *Corrode rElec Int+6
                  | Dex+4}
   970 | D        | Entered arena 12.
   970 | D        | Noticed a shadow dragon
   970 | D        | Noticed a soul eater
   971 | D        | Noticed a ghoul
   987 | D        | Killed a soul eater
   987 | D        | Received a gift from Trog
   990 | D        | Killed a shadow dragon
   990 | D        | Reached XP level 12. HP: 88/88 MP: 12/12
   999 | D        | Killed a ghoul
  1001 | D        | Found a transporter.
  1008 | D        | Got the amulet of Dim Light {Fragile rElec Regen+ Int+6
                  | Stlth+}
  1142 | D        | Entered arena 13.
  1144 | D        | Noticed a ghoul
  1145 | D        | Noticed a vampire knight
  1147 | D        | Received a gift from Trog
  1149 | D        | Found a transporter.
  1153 | D        | Received a gift from Trog
  1160 | D        | Killed a vampire knight
  1163 | D        | Killed a ghoul
  1313 | D        | Got a steaming hand axe {god gift}
  1314 | D        | Identified the +11 hand axe of Koacof {chop, -Tele Str+6}
                  | (Trog gifted it to you in the Dungeon)
  1417 | D        | Entered arena 14.
  1417 | D        | Noticed a vampire knight
  1418 | D        | Noticed a vampire knight
  1424 | D        | Killed a vampire knight
  1424 | D        | Received a gift from Trog
  1432 | D        | Killed a vampire knight
  1433 | D        | Received a gift from Trog
  1433 | D        | Reached skill level 15 in Axes
  1443 | D        | Found a transporter.
  1456 | D        | Received a gift from Trog
  1591 | D        | Entered arena 15.
  1593 | D        | Noticed a fire giant
  1594 | D        | Noticed a fire giant
  1595 | D        | Noticed a fire giant
  1596 | D        | Noticed a fire giant
  1597 | D        | Noticed a hell hog
  1599 | D        | Reached XP level 13. HP: 61/96 MP: 13/13
  1604 | D        | Killed a fire giant
  1604 | D        | HP: 1/145 [fire giant/+0 great sword of flaming (11)]
  1604 | D        | Slain by a fire giant

Levels and vault maps discovered:
D:        sprint_v [room_start, room_1, room_2, room_3, room_4, room_5, room_6,
          room_7, room_8, room_9, room_10, room_11, room_12, room_13, room_14,
          room_15, room_16, room_17, room_18, room_19, room_20, room_21,
          room_22, room_23, room_24, room_25, room_26, room_27]

Skill      XL: |  1  2  3  4  5  6  7  8  9 10 11 12 |
---------------+-------------------------------------+-----
Fighting       | 7 9 11 13 14 16 17 | 17.8
Axes           | 6 7 8 9 11 12 13 15 | 15.3
Armour         | 6 9 10 12 14 15 17 | 17.6
Dodging        | 5 6 7 8 10 11 12 14 | 14.1

Action                   |  1- 3 |  4- 6 |  7- 9 | 10-12 | 13-15 || total
-------------------------+-------+-------+-------+-------+-------++-------
Melee: Broad axe         |    10 |     8 |    65 |   115 |     3 ||   201
Invok: Berserk           |     1 |     1 |     4 |     3 |     1 ||    10
       Trog's Hand       |       |       |       |     1 |       ||     1
       Brothers in Arms  |       |       |       |     1 |       ||     1
  Use: Potion            |       |       |       |     1 |       ||     1
  Eat: Chunk             |       |       |     4 |     6 |       ||    10
Armor: Plate armour      |     6 |     9 |    43 |    99 |     1 ||   158
Dodge: Dodged            |       |     1 |     6 |    24 |     1 ||    32
Block: Shield            |    14 |    14 |   117 |   206 |     7 ||   358
